 Dungeon Crawl Stone Soup version 0.27.0-1-g7a089689b8 (webtiles) character file.

Game seed: 6513118224043496548

154 makewrite the Chopper (level 5, -1/47 HPs)
             Began as a Hill Orc Fighter on Aug 14, 2021.
             Slain by a gnoll (2 damage)
             ... on level 2 of the Dungeon.
             The game lasted 00:04:06 (2441 turns).

makewrite the Chopper (Hill Orc Fighter)            Turns: 2441, Time: 00:04:06

Health: -1/47      AC: 10    Str: 20    XL:     5   Next: 36%
Magic:  5/5        EV:  5    Int:  8    God:
Gold:   56         SH:  9    Dex: 10    Spells: 4/4 levels left

rFire    . . .     SeeInvis .   a - +0 war axe
rCold    . . .     Faith    .   c - +0 kite shield
rNeg     . . .     Spirit   .   m - +0 chain mail
rPois    .         Reflect  .   (no helmet)
rElec    .         Harm     .   (no cloak)
rCorr    .         Rampage  .   f - +0 pair of gloves {archery}
Will     .....                  (no boots)
Stlth    ..........             (no amulet)
HPRegen  0.15/turn              (no ring)
MPRegen  0.09/turn              (no ring)

@: no status effects
A: no striking features
a: no special abilities


You were on level 2 of the Dungeon.
You visited 1 branch of the dungeon, and saw 2 of its levels.

You collected 56 gold pieces.

Inventory:

Hand Weapons
 a - a +0 war axe (weapon)
 b - a +0 trident
Armour
 c - a +0 kite shield (worn)
 f - a +0 pair of gloves of archery (worn)
 m - a +0 chain mail (worn)
Jewellery
 h - a +4 ring of protection
Scrolls
 e - a scroll of identify {unknown}
 j - 3 scrolls of noise {unknown}
 k - a scroll of magic mapping {unknown}
Potions
 d - 2 potions of might
 g - 2 potions of mutation {unknown}
 i - 2 potions of curing {unknown}
 l - a potion of flight {unknown}


   Skills:
 + Level 4.4 Fighting
 * Level 5.0 Axes
 + Level 4.1 Armour
 + Level 4.1 Shields


You had 4 spell levels left.
You didn't know any spells.
Your spell library contained the following spells:

 Spells                   Type           Power      Damage    Failure   Level
 Call Canine Familiar     Summ           0%         N/A       100%        3
 Portal Projectile        Hex/Tloc       0%         N/A       100%        3
 Leda's Liquefaction      Hex/Erth       0%         N/A       100%        4


Dungeon Overview and Level Annotations

Branches:
Dungeon (2/15)

Altars:


Message History

The gnoll hits you but does no damage. You block the gnoll's attack.
You hit the gnoll but do no damage.
The gnoll hits you from afar with a +0 spear.
You block the gnoll's attack.
The gnoll hits you from afar with a +0 spear.
You are too injured to fight recklessly!
The gnoll hits you but does no damage.
The gnoll hits you from afar with a +0 spear.
You block the gnoll's attack.
The gnoll hits you from afar with a +0 spear.
You block the gnoll's attack.
You hit the gnoll.
The gnoll is moderately wounded.
You block the gnoll's attack. The gnoll closely misses you.
You block the gnoll's attack.
You closely miss the gnoll.
The gnoll is moderately wounded.
The gnoll hits you but does no damage. The gnoll barely misses you.
You block the gnoll's attack.
Your chain mail prevents you from hitting the gnoll.
The gnoll is moderately wounded.
The gnoll hits you with a +0 whip.
* * * LOW HITPOINT WARNING * * *
The gnoll barely misses you. The gnoll completely misses you.
You closely miss the gnoll.
The gnoll is lightly wounded.
The gnoll barely misses you. The gnoll hits you with a +0 whip.
* * * LOW HITPOINT WARNING * * *
The gnoll hits you from afar with a +0 halberd.
* * * LOW HITPOINT WARNING * * *
You hit the gnoll.
The gnoll is heavily wounded.
You block the gnoll's attack.
The gnoll hits you from afar with a +0 halberd!
* * * LOW HITPOINT WARNING * * *
You block the gnoll's attack.
You barely miss the gnoll.
The gnoll is heavily wounded.
The gnoll hits you but does no damage. The gnoll hits you with a +0 whip.
You die...

#.###.# #......# #.# #.#
#......#### .
#.###>#####.........####...
#.(......†.....|......g....
#.###.#####.[.......####...
#.#...#####.........# .
#.#......######.....# .
#.#......######.....#....
#>........@ggg............
#####.###########.....#.....
###.....# #######.....
#.......# ..## #.#.....####
### #.#.........
#...)........ ###..........
#..........


You could see 3 gnolls.

Vanquished Creatures
  Natasha (thrice) (D:1)
  2 adders (D:2)
  A gnoll (D:2)
  A worm (D:2)
  3 dart slugs
  A ball python (D:1)
  2 bats (D:1)
  8 endoplasms
  3 goblins
  5 hobgoblins
  5 kobolds
  11 frilled lizards
  7 rats
52 creatures vanquished.

Vanquished Creatures (others)
  A plant (D:1)
1 creature vanquished.

Grand Total: 53 creatures vanquished

Notes
Turn   | Place    | Note
-------+----------+-------------------------------------------
     0 | D:1      | makewrite the Hill Orc Fighter began the quest for the Orb.
     0 | D:1      | Reached XP level 1. HP: 19/19 MP: 1/1
    96 | D:1      | Reached skill level 3 in Axes
   138 | D:1      | Reached XP level 2. HP: 27/27 MP: 2/2
   243 | D:1      | Found a faded altar of an unknown god.
   483 | D:1      | Reached XP level 3. HP: 33/33 MP: 3/3
  1095 | D:2      | Noticed Natasha
  1106 | D:1      | Killed Natasha
  1107 | D:1      | Reached skill level 4 in Axes
  1107 | D:1      | Reached XP level 4. HP: 22/40 MP: 4/4
  1254 | D:1      | Noticed Natasha
  1264 | D:1      | Killed Natasha
  1354 | D:1      | Noticed Natasha
  1362 | D:1      | Killed Natasha
  2092 | D:2      | Reached XP level 5. HP: 47/47 MP: 5/5
  2416 | D:2      | Reached skill level 5 in Axes
  2440 | D:2      | HP: 1/47 [gnoll (8)]
  2441 | D:2      | Slain by a gnoll

Illustrated notes

Levels and vault maps discovered:
D:1:      dpeg_arrival_rhombus, layout_loops_cross,
          ebering_ecumenical_altar_abandoned, minmay_lizard_king
D:2:      layout_basic, minmay_pentomino_q2, uniq_natasha

Skill      XL: |  1  2  3  4  5 |
---------------+----------------+-----
Axes           | 3 4 5 |  5.0
Fighting       | 4 |  4.4
Armour         | 4 |  4.1
Shields        | 4 |  4.1

Action                   |  1- 3 |  4- 6 || total
-------------------------+-------+-------++-------
Melee: War axe           |    99 |    62 ||   161
Armor: Scale mail        |    34 |    15 ||    49
       Chain mail        |       |    12 ||    12
Dodge: Dodged            |    24 |    23 ||    47
Block: Kite shield       |    59 |    42 ||   101
